 Dungeon Crawl Stone Soup version 0.18.1-50-g88ac8fd (console) character file.

1026 Kloppie the Fighter (level 8, -4/74 HPs)
             Began as a Black Draconian Berserker on Sept 27, 2016.
             Was a Priest of Trog.
             Slain by Perturabo's ghost (11 damage)
             ... on level 6 of the Dungeon.
             The game lasted 00:06:20 (5326 turns).

Kloppie the Fighter (Black Draconian Berserker)     Turns: 5326, Time: 00:06:20

Health: -4/74      AC:  7    Str: 20    XL:     8   Next: 2%
Magic:  8/8        EV: 12    Int:  9    God:    Trog [***...]
Gold:   183        SH:  0    Dex: 11    Spells: 0 memorised, 7 levels left

rFire  . . .     SeeInvis .     a - +2 spear (venom)
rCold  . . .     Gourm    .     (armour unavailable)
rNeg   . . .     Faith    .     (no shield)
rPois  .         Spirit   .     (helmet restricted)
rElec  +         Dismiss  .     (no cloak)
rCorr  .         Reflect  .     (no gloves)
SustAt .         Harm     .     p - +0 pair of boots
MR     +....                    (no amulet)
Stlth  +.........               (no ring)
                                y - ring of protection from magic

@: exhausted, slowed, drained, very slow, somewhat resistant to hostile
enchantments, very unstealthy
A: breathe lightning, unfitting armour, electricity resistance, cold-blooded, AC
+6
a: Breathe Lightning, Berserk, Trog's Hand, Burn Spellbooks, Renounce Religion


You were on level 6 of the Dungeon.
You worshipped Trog.
Trog was most pleased with you.
You were near starving.

You visited 1 branch of the dungeon, and saw 6 of its levels.

You collected 303 gold pieces.
You spent 120 gold pieces at shops.

Inventory:

Hand Weapons
 a - a +2 spear of venom (weapon)
 q - a +0 spear
Armour
 p - a +0 pair of boots (worn)
Jewellery
 y - a ring of protection from magic (left hand)
Scrolls
 c - 3 scrolls of teleportation
 d - 2 scrolls of enchant weapon
 f - a scroll of magic mapping
 l - 3 scrolls of remove curse
 m - 2 scrolls of noise {unknown}
 o - a scroll of fog {unknown}
 r - 2 scrolls of amnesia {unknown}
 s - a scroll of recharging {unknown}
 w - a scroll of immolation {unknown}
Potions
 e - 4 potions of mutation
 g - a potion of magic
 h - a potion of agility
 i - a potion of ambrosia {unknown}
 j - 3 potions of degeneration
 k - a potion of brilliance {unknown}
 t - a potion of resistance
 v - 2 potions of curing {unknown}
 x - a potion of lignification {unknown}
Comestibles
 b - 3 bread rations
 n - 3 meat rations
 u - 5 chunks of flesh


   Skills:
 + Level 8.0(7.8) Fighting
 + Level 7.2(7.0) Polearms
 - Level 2.6(2.5) Dodging


You had 7 spell levels left.
You didn't know any spells.

Dungeon Overview and Level Annotations

Branches:
Dungeon (6/15)             Temple (0/1) D:5

Altars:
Nemelex Xobeh
Pakellas

Shops:
D:4 *?(

Annotations:
D:6 Perturabo's ghost, novice HOFi


Innate Abilities, Weirdness & Mutations

You can breathe wild blasts of lightning.
Your glossy black scales are hard (AC +6).
Your body does not fit into most forms of armour.
You are resistant to electric shocks.
You are cold-blooded and may be slowed by cold attacks.


Message History

You puncture Perturabo's ghost!
Perturabo's ghost is severely damaged.
Perturabo's ghost barely misses you.
You closely miss Perturabo's ghost. You tail-slap Perturabo's ghost.
Perturabo's ghost is almost destroyed.
You hit Perturabo's ghost but do no damage.
Perturabo's ghost is almost destroyed.
You are no longer berserk.
You are exhausted.
You feel yourself slow down.
You are near starving!
Perturabo's ghost hits you!
* * * LOW HITPOINT WARNING * * *
You feel as though you will be slow longer.
Perturabo's ghost freezes you.
* * * LOW HITPOINT WARNING * * *
You barely miss Perturabo's ghost.
Perturabo's ghost is almost destroyed.
Perturabo's ghost hits you!
You die...

##.# .. ... ..# # #
..# .. #.##. #.# .#
#. #....# #.# ##.#
..# .....###.###..#
.... .
..........##..# .....
.
####........###......
.# ##........@W......
..##
##..###..####..##..
...###..####.## .#
.............# ..
.<...........# ..
.#.###.###.... #.
#.## #..##.... (.#
#........# .##
##.......#


You could see Perturabo's ghost.

Vanquished Creatures
  An ogre (D:5)
  The ghost of Gargoyl the Skirmisher, an amateur DsAK of Lugonu (D:4)
  3 scorpions
  A crimson imp (D:2)
  A giant frog zombie (D:4)
  4 hounds
  5 orc priests
  Jessica (D:3)
  An iguana (D:5)
  4 orc wizards
  A worker ant (D:4)
  A hound skeleton (D:5)
  6 adders
  3 oozes
  2 adder skeletons
  5 worms
  A dart slug (D:3)
  3 giant geckos
  16 orcs
  8 giant cockroaches
  7 goblins
  2 hobgoblins
  14 jackals
  3 kobolds
  2 quokkas
  A ball python (D:4)
  4 bats
  4 giant newts
  6 rats
  3 butterflies (D:5)
114 creatures vanquished.

Notes
Turn   | Place    | Note
--------------------------------------------------------------
     0 | D:1      | Kloppie the Draconian Berserker began the quest for the Orb.
     0 | D:1      | Reached XP level 1. HP: 19/19 MP: 1/1
   402 | D:1      | Reached XP level 2. HP: 23/26 MP: 2/2
  1254 | D:2      | Reached skill level 4 in Fighting
  1258 | D:2      | Reached XP level 3. HP: 31/33 MP: 3/3
  1331 | D:2      | Found an oddly glowing altar of Pakellas.
  1598 | D:2      | Found a faded altar to an unknown god.
  1638 | D:2      | Reached ** piety under Trog
  1892 | D:2      | Reached XP level 4. HP: 31/41 MP: 4/4
  2414 | D:3      | Reached skill level 5 in Fighting
  2556 | D:3      | Reached XP level 5. HP: 48/48 MP: 5/5
  2711 | D:3      | Found a sparkling altar of Nemelex Xobeh.
  2711 | D:3      | Noticed Jessica
  2715 | D:3      | Killed Jessica
  2970 | D:4      | Reached skill level 5 in Polearms
  3028 | D:4      | Noticed Gargoyl's ghost (amateur DsAK)
  3029 | D:4      | Reached *** piety under Trog
  3046 | D:4      | Reached XP level 6. HP: 40/57 MP: 6/6
  3053 | D:4      | Killed Gargoyl's ghost
  3053 | D:4      | Reached skill level 6 in Fighting
  3334 | D:4      | Found an oddly glowing altar of Pakellas.
  3403 | D:4      | Found Epauputz's Magic Scroll Emporium.
  3410 | D:4      | Bought a scroll of identify for 24 gold pieces
  3415 | D:4      | Bought a scroll of identify for 24 gold pieces
  3415 | D:4      | Bought a scroll of identify for 24 gold pieces
  3415 | D:4      | Bought a scroll of identify for 24 gold pieces
  3415 | D:4      | Bought a scroll of identify for 24 gold pieces
  3574 | D:4      | Your scales start taking on a glossy black colour.
  3574 | D:4      | Reached XP level 7. HP: 64/64 MP: 7/7
  3574 | D:4      | Gained mutation: You are resistant to electric shocks. [Black Draconian growth]
  3850 | D:4      | Reached skill level 7 in Fighting
  3904 | D:4      | Found Xoch's General Store.
  4155 | D:4      | Found Lyafoc's Antique Weapon Shop.
  4335 | D:5      | Entered Level 5 of the Dungeon
  4421 | D:5      | Found a staircase to the Ecumenical Temple.
  5260 | D:6      | Reached skill level 8 in Fighting
  5260 | D:6      | Reached XP level 8. HP: 55/74 MP: 8/8
  5303 | D:6      | Noticed Perturabo's ghost (novice HOFi)
  5326 | D:6      | Slain by Perturabo's ghost

Skill      XL: |  1  2  3  4  5  6  7 |
---------------+----------------------+-----
Fighting       | 4 5 6 8 |  8.0
Polearms       | 4 5 6 7 |  7.2
Dodging        | |  2.6

Action                   |  1- 3 |  4- 6 |  7- 9 || total
-------------------------+-------+-------+-------++-------
Melee: Spear             |   140 |   188 |   131 ||   459
       Tailslap          |    11 |    14 |    22 ||    47
Invok: Berserk           |     1 |     2 |     3 ||     6
       Trog's Hand       |       |     1 |       ||     1
  Use: Scroll            |       |     9 |       ||     9
 Stab: Sleeping          |     5 |     2 |     3 ||    10
       Distracted        |     2 |       |       ||     2
  Eat: Chunk             |     4 |     8 |     7 ||    19
Armor: Skin              |    29 |    31 |    20 ||    80
Dodge: Dodged            |    75 |    64 |    45 ||   184
